 Dungeon Crawl Stone Soup version 0.22-a0-417-g1387785 (webtiles) character file.

354 Mgcat the Skirmisher (level 6, -7/51 HPs)
             Began as a Demonspawn Fighter on May 14, 2018.
             Killed by divine providence
             ... invoked by an orc priest
              (13 damage)
             ... on level 3 of the Dungeon.
             The game lasted 00:07:27 (3033 turns).

Mgcat the Skirmisher (Demonspawn Fighter)           Turns: 3033, Time: 00:07:28

Health: -7/51      AC: 13    Str: 18    XL:     6   Next: 35%
Magic:  6/6        EV:  7    Int: 11    God:
Gold:   146        SH:  9    Dex: 13    Spells: 5/5 levels left

rFire    . . .     SeeInvis .     - Unarmed
rCold    . . .     Gourm    .   b - +0 shield
rNeg     . . .     Faith    .   l - +1 scale mail
rPois    .         Spirit   .   (no helmet)
rElec    .         Reflect  .   (no cloak)
rCorr    .         Harm     .   (no gloves)
MR       .....                  (no boots)
Stlth    ..........             j - amulet of inaccuracy (curse)
HPRegen  0.17/turn              m - +2 ring of intelligence
MPRegen  0.10/turn              (no ring)

@: sanguine armour, hasted and slowed
A: hooves 2, spiny 1, sanguine armour 1
a: no special abilities


You were on level 3 of the Dungeon.
You were not hungry.

You visited 1 branch of the dungeon, and saw 3 of its levels.

You collected 146 gold pieces.

Inventory:

Hand Weapons
 a - a +1 short sword
   (You took it off a kobold on level 1 of the Dungeon)
Armour
 b - a +0 shield (worn)
 l - a +1 scale mail (worn)
Jewellery
 j - a cursed amulet of inaccuracy (around neck)
   (You found it on level 1 of the Dungeon)
 m - a +2 ring of intelligence (left hand)
   (You found it on level 2 of the Dungeon)
 p - an uncursed amulet of magic regeneration
   (You found it on level 1 of the Dungeon)
Wands
 h - a wand of flame (21)
   (You found it on level 2 of the Dungeon)
Scrolls
 f - 2 scrolls of magic mapping {!r}
Potions
 c - a potion of might
 e - a potion of lignification {unknown}
 g - a potion of cancellation {unknown}
 i - 3 potions of curing {unknown}
 n - a potion of haste
 o - a potion of berserk rage {unknown}
 r - a potion of flight {unknown}
 s - a potion of brilliance {unknown}
 t - a potion of degeneration {unknown}
Comestibles
 d - 3 rations
 k - 4 chunks of flesh {@w0}


   Skills:
 + Level 5.5 Fighting
 - Level 2.6 Armour
 - Level 2.6 Shields
 + Level 4.5 Unarmed Combat


You had 5 spell levels left.
You didn't know any spells.
Your spell library was empty.

Dungeon Overview and Level Annotations

Branches:
Dungeon (3/15)

Altars:
Yredelemnul

Annotations:
D:3 Kairos's ghost, amateur DsGl


Innate Abilities, Weirdness & Mutations

You have hoof-like feet.
You are partially covered in sharp spines.
When seriously injured, your bleeding wounds create armour. (AC +6)


Message History

You block the ogre's attack.
You hit the ogre.
The ogre is moderately wounded.
The ogre is struck by your spines. The ogre barely misses you.
You hit the ogre. You kick the ogre.
The ogre is almost dead.
The ogre hits you with a giant club.
You hit the ogre but do no damage.
The ogre is almost dead.
The ogre hits you but does no damage.
You hit the ogre.
You kill the ogre!
Things that are here:
a giant club; an ogre corpse You butcher the ogre corpse.
k - 8 chunks of flesh {@w0} (gained 1)
You see here a giant club.
Your blood armour dries and flakes away.
Found an escape hatch in the floor.
You now have 125 gold pieces (gained 15).
You now have 135 gold pieces (gained 10).
A bat comes into view.
You block the bat's attack. The bat is struck by your spines.
The bat hits you but does no damage.
You hit the bat but do no damage. Your kick misses the bat.
The bat is severely wounded.
The bat is struck by your spines.
You kill the bat!
Some of the chunks of flesh in your inventory have rotted away.
No target in view!
No target in view!
You now have 146 gold pieces (gained 11). 2 orcs and an orc wizard come into view.
The orc wizard shouts!
The orc shouts!
An orc priest comes into view. It is wielding a dagger.
The orc priest shouts!
You punch the orc!
You kill the orc!
The orc hits you but does no damage.
You miss the orc. You kick the orc.
The orc is almost dead.
You miss the orc. You kick the orc, but do no damage.
The orc is almost dead.
You block the orc's attack.
Some of the chunks of flesh in your inventory have rotted away.
An orc priest comes into view. It is wielding a flail.
Your scale mail prevents you from hitting the orc.
You kill the orc!
You hit the orc wizard but do no damage.
Your kick misses the orc wizard. The orc wizard barely misses you.
The orc priest invokes the aid of Beogh against you.
Beogh smites you!
You miss the orc wizard. The orc wizard hits you with a dagger.
You miss the orc wizard.
You kick the orc wizard, but do no damage.
You block the orc wizard's attack.
You miss the orc wizard. Your kick misses the orc wizard.
You block the orc wizard's attack.
You closely miss the orc wizard. Your kick misses the orc wizard.
The orc priest mumbles some strange prayers to Beogh against you.
Beogh smites you!
Your blood congeals into armour.
The orc wizard barely misses you.
The orc priest mumbles some strange prayers to Beogh against you.
Beogh smites you!
You are too injured to fight recklessly!
You are too injured to fight recklessly!
You are too injured to fight recklessly!
You are too injured to fight recklessly!
You are too injured to fight recklessly!
You miss the orc wizard. Your kick misses the orc wizard.
The orc wizard gestures at you while chanting.
The magic dart hits you!
You miss the orc wizard.
Your shield prevents you from hitting the orc wizard.
You block the orc wizard's attack.
Okay, then.
Unknown command.
You closely miss the orc wizard. Your kick misses the orc wizard.
The orc wizard hits you but does no damage.
You hit the orc wizard. Your kick misses the orc wizard.
The orc wizard is lightly wounded.
The orc wizard gestures at you while chanting.
The magic dart hits you!
* * * LOW HITPOINT WARNING * * *
You hit the orc wizard.
The orc wizard is heavily wounded.
You block the orc wizard's attack.
You hit the orc wizard. Your kick misses the orc wizard.
The orc wizard is almost dead.
The orc wizard gestures at you while chanting.
You feel yourself slow down.
The orc priest calls down the wrath of Beogh upon you.
Beogh smites you!
* * * LOW HITPOINT WARNING * * *
The orc priest miscasts a cantrip.
You feel yourself speed up. You block the orc wizard's attack.
The orc wizard hits you but does no damage.
The orc priest calls down the wrath of Beogh upon you.
Beogh smites you!
You die...

#.# #.#.#
##.#.####.####<# #.#
##.# #.#.# ##.## #.#
#.###.## #..# #.#.#
### #.# #.#..... #.##
##.#.# ### #.#
#.#..... #)# #..#..
..# #.# ##.)..... #.#
#.#### #o#
#.###........ #.# #.#
#o# #............ #.#
#.# #o# #####.####.##
#.# #.# #@########.#
#.# #.#
#.#########.)........#
.# #.#
#....................#
.# #.#
####################.#
#.# #.# #.###
############.# #...#
#............# ###.#
#.############ #.# #.#


You could see 2 orc priests and an orc wizard.

Vanquished Creatures
  An ogre (D:3)
  An orc priest (D:3)
  An orc wizard (D:3)
  Jessica (D:2)
  Natasha (thrice) (D:2)
  2 adders
  An ooze (D:1)
  A dart slug (D:1)
  2 leopard geckos
  9 orcs (D:3)
  5 bats
  7 giant cockroaches (D:2)
  9 goblins
  7 hobgoblins
  2 jackals (D:2)
  4 quokkas
  2 ball pythons
  8 frilled lizards
  5 kobolds
  9 rats
80 creatures vanquished.

Notes
Turn   | Place    | Note
-------+----------+-------------------------------------------
     0 | D:1      | Mgcat the Demonspawn Fighter began the quest for the Orb.
     0 | D:1      | Reached XP level 1. HP: 18/18 MP: 1/1
    84 | D:1      | Reached skill level 2 in Unarmed Combat
   334 | D:1      | Gained mutation: When seriously injured, your bleeding wounds create armour. (AC +6) [demonic ancestry]
   334 | D:1      | Reached XP level 2. HP: 20/24 MP: 2/2
   793 | D:1      | Gained mutation: You have large cloven feet. [demonic ancestry]
   793 | D:1      | Reached XP level 3. HP: 24/29 MP: 3/3
  1350 | D:2      | Reached skill level 4 in Fighting
  1350 | D:2      | Reached skill level 3 in Unarmed Combat
  1573 | D:2      | Noticed Natasha
  1584 | D:2      | Killed Natasha
  1584 | D:2      | Gained mutation: You have hoof-like feet. [demonic ancestry]
  1584 | D:2      | Reached XP level 4. HP: 31/37 MP: 4/4
  1630 | D:2      | Noticed Natasha
  1641 | D:2      | Killed Natasha
  1821 | D:2      | Noticed Natasha
  1834 | D:2      | HP: 9/38 [iron imp[Natasha] (4)]
  1835 | D:2      | Killed Natasha
  1835 | D:2      | Gained mutation: You are partially covered in sharp spines. [demonic ancestry]
  1835 | D:2      | Reached XP level 5. HP: 10/43 MP: 5/5
  2077 | D:2      | Noticed Jessica
  2084 | D:2      | Killed Jessica
  2090 | D:2      | Found a basalt altar of Yredelemnul.
  2209 | D:3      | Noticed Kairos's ghost (amateur DsGl)
  2497 | D:3      | Reached skill level 5 in Fighting
  2497 | D:3      | Reached skill level 4 in Unarmed Combat
  2827 | D:3      | Reached XP level 6. HP: 51/51 MP: 6/6
  3032 | D:3      | HP: 5/51 [orc priest/divine providence (10)]
  3033 | D:3      | Killed from afar by an orc priest

Vault maps used:
D:1:      lemuel_arrival_river_passageway
D:2:      minmay_diamond_boxcup, marbit_many_paths, uniq_jessica, uniq_natasha

Skill      XL: |  1  2  3  4  5 |
---------------+----------------+-----
Unarmed Combat | 2 3 4 |  4.5
Fighting       | 4 5 |  5.5
Armour         | |  2.6
Shields        | |  2.6

Action                   |  1- 3 |  4- 6 || total
-------------------------+-------+-------++-------
Melee: Unarmed           |   289 |   128 ||   417
       Kick              |    26 |    26 ||    52
  Use: Scroll            |     5 |     1 ||     6
       Potion            |       |     1 ||     1
  Eat: Chunk             |     3 |     1 ||     4
       Ration            |       |     1 ||     1
Armor: Scale mail        |   131 |    42 ||   173
Dodge: Dodged            |    54 |    22 ||    76
Block: Shield            |   121 |    42 ||   163

Table legend:
 A = Spawn XP
 B = Non-spawn XP
 C = Spawn XP percentage of total XP
 D = Spawn monster count
 E = Non-spawn monster count
 F = Spawn count percentage of total count
 G = Total turns spent on level
                    A         B        C        D         E        F      G
               +---------+---------+-------+---------+---------+-------+---------
         Total |       0 |     507 |   0.0 |       0 |      80 |   0.0 |  3033
               +---------+---------+-------+---------+---------+-------+---------
           D:1 |       0 |      43 |   0.0 |       0 |      22 |   0.0 |  1182
           D:2 |       0 |     205 |   0.0 |       0 |      33 |   0.0 |  1292
           D:3 |       0 |     259 |   0.0 |       0 |      25 |   0.0 |   559
               +---------+---------+-------+---------+---------+-------+---------

Vault maps used:
D:1:      lemuel_arrival_river_passageway
D:2:      minmay_diamond_boxcup, marbit_many_paths, uniq_jessica, uniq_natasha

Table legend:
 A = Turns spent in this place as a percentage of turns spent in the entire game.
 B = Non-inter-level travel turns spent in this place as a percentage of non-inter-level travel turns spent in the entire game.
 C = Inter-level travel turns spent in this place as a percentage of turns spent in this place.
 D = Turns resting spent in this place as a percentage of non-inter-level travel turns spent in this place.
 E = Turns spent auto-exploring this place as a percentage of non-inter-level travel turns spent in this place.
 F = Non-inter-level travel turns spent in this place divided by the number of levels of this place that you've seen.
                   A       B       C       D       E      F
               +-------+-------+-------+-------+-------+----------------------
         Total | 100.0 | 100.0 |   3.2 |   3.7 |  72.1 | 979.0
       Dungeon | 100.0 | 100.0 |   3.2 |   3.7 |  72.1 | 979.0
               +-------+-------+-------+-------+-------+----------------------

Table legend:
 A = Kills in this place as a percentage of kills in entire the game.
 B = Kills by you in this place as a percentage of kills by you in the entire game.
 C = Kills by friends in this place as a percentage of kills by friends in the entire game.
 D = Other kills in this place as a percentage of other kills in the entire game.
 E = Experience gained in this place as a percentage of experience gained in the entire game.
 F = Experience gained in this place divided by the number of levels of this place that you have seen.
                   A       B       C       D       E      F
               +-------+-------+-------+-------+-------+----------------------
         Total | 100.0 | 100.0 |   N/A |   N/A | 100.0 | 169.0
       Dungeon | 100.0 | 100.0 |   N/A |   N/A | 100.0 | 169.0
               +-------+-------+-------+-------+-------+----------------------
